 Dungeon Crawl Stone Soup version 0.30-a0-996-ga6910c8ee8 (webtiles) character file.

Game seed: 10691661980932596041

123 arthad the Digger (level 5, 0/28 HPs)
             Began as a Gargoyle Earth Elementalist on Apr 5, 2023.
             Killed from afar by Dowan (8 damage)
             ... with a puff of flame
             ... on level 4 of the Dungeon.
             The game lasted 00:06:57 (2287 turns).

arthad the Digger (Gargoyle Earth Elementalist)     Turns: 2287, Time: 00:06:57

Health: 0/28       AC:  5    Str: 10 (11) XL:     5   Next: 7%
Magic:  9/9        EV: 12    Int: 17 (18) God:
Gold:   119        SH:  0    Dex:  9 (10) Spells: 0/10 levels left

rFire   . . .      SeeInvis .    h - +0 short sword (drain)
rCold   . . .      Faith    .    (no shield)
rNeg    + . .      Spirit   .    a - +0 robe
rPois   ∞          Reflect  .    (no helmet)
rElec   +          Rampage  .    (no cloak)
rCorr   .                        (no gloves)
Will    .....                    (no boots)
Stlth   +                        (no amulet)
HPRegen 0.24/turn                (no ring)
MPRegen 0.11/turn                (no ring)

@: confused, mighty, ambrosia-drunk, unable to read
A: sickness immunity, AC +4, negative energy resistance 1, electricity
resistance, torment resistance 1, petrification resistance, claws 1, deformed
body, inability to read after injury 1
a: no special abilities


You were on level 4 of the Dungeon.
You visited 1 branch of the dungeon, and saw 4 of its levels.

You collected 189 gold pieces.
You spent 70 gold pieces at shops.

Inventory:

Hand Weapons
 h - a +0 short sword of draining (weapon)
Armour
 a - a +0 robe (worn)
 u - an orb of light
Jewellery
 j - a ring of ice
 q - an amulet of faith
Scrolls
 c - a scroll of amnesia {unknown}
 f - 5 scrolls of identify {unknown}
 i - a scroll of poison {unknown}
 k - a scroll of butterflies {unknown}
 l - a scroll of brand weapon {unknown}
 n - a scroll of fear {unknown}
 o - a scroll of fog {unknown}
 s - a scroll of noise {unknown}
 t - a scroll of immolation {unknown}
Potions
 b - a potion of magic
 e - a potion of cancellation
 g - a potion of ambrosia
 m - a potion of might
 p - 6 potions of curing
 r - a potion of heal wounds {unknown}


   Skills:
 + Level 2.0 Dodging
 + Level 3.0 Stealth
 * Level 3.0 Spellcasting
 + Level 0.0 Conjurations
 + Level 1.4 Transmutations
 * Level 4.7 Earth Magic


You couldn't memorise any spells.
You knew the following spells:

 Your Spells              Type           Power      Damage    Failure   Level
a - Sandblast             Erth           36%        2d10      2%          1
b - Stone Arrow           Conj/Erth      20%        3d8       21%         3
c - Passwall              Tmut/Erth      10%        N/A       8%          2
d - Petrify               Tmut/Erth      13%        N/A       43%         4

Your spell library contained the following spells:

 Spells                   Type           Power      Damage    Failure   Level


Dungeon Overview and Level Annotations

Branches:
Dungeon (4/15)
 Temple: D:4-7

Altars:
Dithmenos
Makhleb

Shops:
D:3 !

Annotations:
D:4 Dowan, Duvessa


Innate Abilities, Weirdness & Mutations

You are immune to sickness and miasma.
Your stone body is resilient. (AC +4)
You are immune to poison.
You resist negative energy. (rN+)
You are resistant to electric shocks. (rElec)
You are resistant to unholy torment.
You are immune to petrification.
You have sharp fingernails.
Armour fits poorly on your strangely shaped body.
You occasionally lose the ability to read scrolls when taking damage.


Message History

Duvessa is lightly wounded.
Duvessa barely misses you. Duvessa hits you but does no damage.
The blast of sand hits Duvessa but does no damage.
Duvessa is lightly wounded.
Duvessa hits you but does no damage.
The blast of sand hits Duvessa but does no damage.
Duvessa is lightly wounded.
Duvessa barely misses you. Duvessa hits you with a +0 short sword.
Dowan mumbles some strange words.
Dowan blinks!
The blast of sand hits Duvessa.
Duvessa is lightly wounded.
Duvessa hits you with a +0 short sword. Dowan completely misses you.
The blast of sand hits Duvessa.
Duvessa is moderately wounded.
Duvessa barely misses you. Dowan hits you with a +0 dagger.
Dowan hits you but does no damage. Duvessa hits you with a +0 short sword.
* * * LOW HITPOINT WARNING * * *
Okay, then.
It was a potion of degeneration.
There was something very wrong with that liquid.
You feel weakened.
You feel dopey.
You feel clumsy. Dowan barely misses you.
Duvessa hits you with a +0 short sword.
* * * LOW HITPOINT WARNING * * *
It was a potion of ambrosia.
You are confused.
You feel invigorated. Dowan hits you with a +0 dagger.
* * * LOW HITPOINT WARNING * * *
Duvessa hits you with a +0 short sword.
You feel threatened and lose the ability to read scrolls!
* * * LOW HITPOINT WARNING * * *
You feel very mighty all of a sudden. Dowan gestures at you while chanting.
You resist with some effort. Duvessa hits you with a +0 short sword.
* * * LOW HITPOINT WARNING * * *
You puncture Dowan!
Dowan is severely wounded.
Dowan casts a spell at you. The puff of flame hits you!
You die...

######### ........#
.....#.#######.
#...@eS.....
#.#e########
###.#.###########.#
#.................#
#.#.#######.#######
#. #....# # ####.#
#.########
#.........


You could see Duvessa, Dowan and a ball python.

Vanquished Creatures
  An orc priest (D:4)
  2 adders
  A worm (D:2)
  A dart slug (D:3)
  6 orcs
  10 endoplasms
  2 giant cockroaches (D:3)
  6 goblins
  3 hobgoblins
  A quokka (D:2)
  7 ball pythons
  8 bats
  5 frilled lizards
  4 kobolds
  5 rats
62 creatures vanquished.

Notes
Turn   | Place    | Note
-------+----------+-------------------------------------------
     0 | D:1      | arthad the Gargoyle Earth Elementalist began the quest for
                  | the Orb.
     0 | D:1      | Reached XP level 1. HP: 10/10 MP: 3/3
   139 | D:1      | Reached XP level 2. HP: 6/15 MP: 0/5
   216 | D:1      | Reached skill level 1 in Transmutations
   485 | D:1      | Reached skill level 4 in Earth Magic
   575 | D:1      | Reached XP level 3. HP: 19/19 MP: 3/6
   837 | D:2      | Found a shadowy altar of Dithmenos.
   922 | D:2      | Gained mutation: Armour fits poorly on your strangely
                  | shaped body. [potion of mutation]
   922 | D:2      | Gained mutation: You occasionally lose the ability to read
                  | scrolls when taking damage. [potion of mutation]
   922 | D:2      | Gained mutation: You have sharp fingernails. [potion of
                  | mutation]
  1323 | D:3      | Reached XP level 4. HP: 24/24 MP: 5/8
  1374 | D:3      | Found a faded altar of an unknown god.
  1417 | D:3      | Found a burning altar of Makhleb.
  1449 | D:3      | Found Tuaxej's Distillery.
  1481 | D:3      | Bought a potion of might for 40 gold pieces
  1481 | D:3      | Bought a potion of curing for 30 gold pieces
  2141 | D:4      | Reached XP level 5. HP: 13/28 MP: 3/9
  2260 | D:4      | Noticed Duvessa
  2266 | D:4      | Learned a level 3 spell: Stone Arrow
  2269 | D:4      | Learned a level 2 spell: Passwall
  2274 | D:4      | Learned a level 4 spell: Petrify
  2274 | D:4      | Noticed Dowan
  2287 | D:4      | Killed from afar by Dowan

Illustrated notes

Levels and vault maps discovered:
D:1:      tarquinn_simple_flora_water_e, layout_basic
D:2:      layout_rooms, basic_altar, kennysheep_generic_room_10
D:3:      layout_basic, lightli_temple_of_fire, ebering_ecumenical_altar_hall,
          serial_shops, shop_statue
D:4:      layout_loops_ring, uniq_duvessa, uniq_robin

Skill      XL: |  1  2  3  4 |
---------------+-------------+-----
Transmutations | 1 |  1.4
Earth Magic    | 4 |  4.7
Dodging        | 2 |  2.0
Stealth        | 3 |  3.0
Spellcasting   | 3 |  3.0

Action                     |  1- 3 |  4- 6 || total
---------------------------+-------+-------++-------
  Melee: Unarmed           |    52 |       ||    52
         Punch             |     1 |       ||     1
         Short sword       |       |    12 ||    12
   Cast: Sandblast         |    51 |    29 ||    80
    Use: Potion            |     3 |     3 ||     6
 Armour: Robe              |    40 |     9 ||    49
         Skin              |     3 |       ||     3
  Dodge: Dodged            |    61 |    12 ||    73

Table legend: (Time is in decaauts)
 A = Elapsed time spent in this place.
 B = Non-inter-level travel time spent in this place.
 C = Inter-level travel time spent in this place.
 D = Time resting spent in this place.
 E = Time spent auto-exploring this place.
 F = Levels seen in this place.
 G = Mean time per level.
                   A        B        C        D        E       F      G
               +--------+--------+--------+--------+--------+-----+--------+
         Total |   2325 |   2229 |     96 |    145 |   1703 |   4 |  581.2 |
       Dungeon |   2325 |   2229 |     96 |    145 |   1703 |   4 |  581.2 |
               +--------+--------+--------+--------+--------+-----+--------+

Top non-repeatable levels by time:
     D:3: 889 daAuts
     D:1: 718 daAuts
     D:2: 559 daAuts
     D:4: 158 daAuts
